 Dungeon Crawl Stone Soup version 0.26-a0-682-g294304f6e8 (webtiles) character file.

Game seed: 4282843735402677774

773 Aramant the Chopper (level 7, -3/61 HPs)
             Began as a Hill Orc Fighter on Oct 19, 2020.
             Slain by a wight
             ... wielding a +2 great sword
              (9 damage)
             ... on level 7 of the Dungeon on Oct 20, 2020.
             The game lasted 00:17:54 (3304 turns).

Aramant the Chopper (Hill Orc Fighter)              Turns: 3304, Time: 00:17:55

Health: -3/61      AC:  7    Str: 20    XL:     7   Next: 83%
Magic:  7/7        EV:  7    Int:  8    God:
Gold:   158        SH:  9    Dex: 11    Spells: 6/6 levels left

rFire    . . .     SeeInvis .   a - +1 war axe
rCold    . . .     Faith    +   c - +0 kite shield
rNeg     . . .     Spirit   .   b - +0 scale mail
rPois    .         Reflect  .   (no helmet)
rElec    .         Harm     .   (no cloak)
rCorr    .         Rampage  .   (no gloves)
MR       .....                  (no boots)
Stlth    ..........             j - amulet of faith
HPRegen  0.20/turn              (no ring)
MPRegen  0.10/turn              (no ring)

@: drained
A: no striking features
a: no special abilities


You were on level 7 of the Dungeon.
You visited 1 branch of the dungeon, and saw 7 of its levels.

You collected 158 gold pieces.

Inventory:

Hand Weapons
 a - a +1 war axe (weapon)
Armour
 b - a +0 scale mail (worn)
 c - a +0 kite shield (worn)
 g - a +0 ring mail
Jewellery
 j - an amulet of faith (around neck)
Wands
 e - a wand of polymorph (10)
 h - a wand of random effects (13)
Scrolls
 k - a scroll of remove curse
 l - a scroll of identify
 n - 2 scrolls of enchant weapon
 o - a scroll of teleportation
Potions
 d - a potion of might
 f - a potion of brilliance
 i - a potion of curing {unknown}


   Skills:
 + Level 5.2(4.6) Fighting
 + Level 7.5(6.8) Axes
 + Level 5.2(4.5) Armour
 + Level 1.1(0.6) Dodging
 + Level 5.3(4.6) Shields


You had 6 spell levels left.
You didn't know any spells.
Your spell library contained the following spells:

 Spells                   Type           Power        Failure   Level
 Animate Skeleton         Necr           #.....       99%         1
 Apportation              Tloc           #.....       99%         1
 Corona                   Hex            #......      99%         1
 Summon Small Mammal      Summ           #...         99%         1


Dungeon Overview and Level Annotations

Branches:
Dungeon (7/15)             Temple (0/1) D:6

Altars:


Message History

You closely miss the wight.
The wight is heavily damaged.
You hit the wight but do no damage. You block the wight's attack.
The wight hits you from afar with a +4 trident.
The wight closely misses you. The wight barely misses you.
You hit the wight.
The wight is moderately damaged.
You hit the wight. You closely miss the wight. You block the wight's attack.
The wight hits you from afar with a +0 trident!
The wight hits you with a +2 great sword!
* * * LOW HITPOINT WARNING * * *
The wight hits you with a cursed +5 great sword!
* * * LOW HITPOINT WARNING * * *
You feel drained.
* * * LOW HITPOINT WARNING * * *
The wight closely misses you. The wight barely misses you.
The wight completely misses you. You block the wight's attack.
The wight hits you with a +2 great sword!
You die...

# ##+### #.#+####........
# #....# #.....##........
# #....# #.....##........
###....# #.....##........
..'....# #.....##.......!
###....####.....##zz......
##............##zz....).
#.######.....##........
#.# #.#...@z.....### #.#
#.#.#........# #.#
..#<...####### #.#
.###.#..# #.# #. #.#..#
..# . #.#### ### .# #..
###


You could see 2 wights.

Vanquished Creatures
  A sky beast (D:5)
  An ogre (D:5)
  A centaur (D:6)
  A bullfrog (D:6)
  A scorpion (D:6)
  A centaur zombie (D:5)
  2 jellies
  3 orc wizards
  An orc priest (D:6)
  2 worker ants
  2 iguanas
  3 adders
  A white imp (D:6)
  An ooze (D:2)
  An adder skeleton (D:6)
  2 worms
  A dart slug (D:3)
  2 leopard geckos
  14 orcs
  2 giant cockroaches
  3 hobgoblins
  4 jackals (D:2)
  3 kobolds
  2 quokkas (D:4)
  A bat (D:1)
  3 frilled lizards
  2 goblins
  A quokka zombie (D:6)
  4 rats
66 creatures vanquished.

Vanquished Creatures (others)
  A sky beast (D:7)
1 creature vanquished.

Grand Total: 67 creatures vanquished

Notes
Turn   | Place    | Note
-------+----------+-------------------------------------------
     0 | D:1      | Aramant the Hill Orc Fighter began the quest for the Orb.
     0 | D:1      | Reached XP level 1. HP: 19/19 MP: 1/1
    19 | D:1      | Upgraded the game from 0.26-a0-670-g578ab304f5 to
                  | 0.26-a0-682-g294304f6e8
    91 | D:2      | Reached XP level 2. HP: 27/27 MP: 2/2
   224 | D:2      | Reached skill level 3 in Axes
   325 | D:2      | Reached XP level 3. HP: 32/33 MP: 3/3
   627 | D:4      | Reached XP level 4. HP: 40/40 MP: 4/4
   853 | D:4      | Reached skill level 4 in Axes
   865 | D:4      | Reached XP level 5. HP: 28/46 MP: 5/5
  1037 | D:5      | Entered Level 5 of the Dungeon
  1239 | D:5      | Reached skill level 5 in Axes
  1252 | D:5      | Reached XP level 6. HP: 4/53 MP: 6/6
  1754 | D:5      | Noticed a sky beast
  1796 | D:5      | Killed a sky beast
  1796 | D:5      | Reached skill level 6 in Axes
  1796 | D:5      | Reached skill level 1 in Dodging
  2054 | D:6      | Reached XP level 7. HP: 41/60 MP: 7/7
  2283 | D:6      | Reached skill level 5 in Armour
  2283 | D:6      | Reached skill level 5 in Shields
  2573 | D:6      | Reached skill level 7 in Axes
  2742 | D:6      | Found a staircase to the Ecumenical Temple.
  2753 | D:6      | Reached skill level 5 in Fighting
  3264 | D:7      | Noticed a steam dragon
  3304 | D:7      | Slain by a wight

Illustrated notes

Levels and vault maps discovered:
D:1:      lightli_arrival_quake, layout_basic
D:2:      layout_rooms, zin_statuary, grunt_ministairs_10
D:3:      layout_rooms
D:4:      layout_rooms, uniq_sigmund
D:5:      layout_gridville, vehumet_crystals, hangedman_ru_absence,
          minmay_starry_boxes
D:6:      layout_cave_pools, minmay_temple_entry_from_below_b,
          portal_sewer_entry_d, minmay_quadrilaterals, uniq_crazy_yiuf_cottage
D:7:      layout_basic

Skill      XL: |  1  2  3  4  5  6  7 |
---------------+----------------------+-----
Axes           | 3 4 5 6 7 |  7.5
Fighting       | 4 5 |  5.2
Shields        | 4 5 |  5.3
Armour         | 4 5 |  5.2
Dodging        | 1 |  1.1

Action                   |  1- 3 |  4- 6 |  7- 9 || total
-------------------------+-------+-------+-------++-------
Melee: War axe           |    47 |   116 |    48 ||   211
  Use: Scroll            |     5 |     3 |     3 ||    11
       Potion            |       |     1 |       ||     1
Armor: Scale mail        |    39 |    73 |    12 ||   124
Dodge: Dodged            |    28 |    34 |    22 ||    84
Block: Kite shield       |    48 |    55 |    35 ||   138

Table legend: (Time is in decaauts)
 A = Elapsed time spent in this place.
 B = Non-inter-level travel time spent in this place.
 C = Inter-level travel time spent in this place.
 D = Time resting spent in this place.
 E = Time spent auto-exploring this place.
 F = Levels seen in this place.
 G = Mean time per level.
                   A        B        C        D        E       F      G
               +--------+--------+--------+--------+--------+-----+--------+
         Total |   3380 |   3374 |      6 |   2074 |    329 |   7 |  482.9 |
       Dungeon |   3380 |   3374 |      6 |   2074 |    329 |   7 |  482.9 |
               +--------+--------+--------+--------+--------+-----+--------+

Top non-repeatable levels by time:
     D:6: 1033 daAuts
     D:5: 974 daAuts
     D:4: 428 daAuts
     D:7: 301 daAuts
     D:3: 299 daAuts
     D:2: 254 daAuts
     D:1: 89 daAuts
